[Event "Titled Tuesday Blitz March 14 Late 2023"]
[White "Winslow, Elliott"]
[Black "Rodrigues, Tiago Pereira"]
[WhiteFideId "2002523"]
[BlackFideId "2101203"]
[WhiteElo "2226"]
[BlackElo "2168"]
[Result "0-1"]
[Round "10"]
[TimeControl "180+2"]
[Date "2023.03.14"]
[WhiteClock "0:00:58"]
[BlackClock "0:02:22"]

1. e4 c5 2. Nf3 a6 3. Nc3 d6 4. d4 cxd4 5. Nxd4 Nf6 6. f3 e6 7. Be3 Qc7 8. Qd2 h6 9. Be2 Nbd7 10. O-O g5 11. a4 b6 12. Kh1 Bb7 13. Rfd1 Rg8 14. Qe1 Be7 15. Qf2 h5 16. Rd2 g4 17. Bd3 Ne5 18. f4 Nc4 19. Bxc4 Qxc4 20. e5 g3 21. hxg3 Ng4 22. Qg1 h4 23. gxh4 Rh8 24. Nf3 Bxh4 0-1


[Site "https://www.chess.com"]

[Event "Titled Tuesday Blitz March 14 Late 2023"]
[White "Kostiukov, Alexandr"]
[Black "Saravana, Krishnan P."]
[WhiteFideId "14108100"]
[BlackFideId "5018382"]
[WhiteElo "2202"]
[BlackElo "2189"]
[Result "0-1"]
[Round "10"]
[TimeControl "180+2"]
[Date "2023.03.14"]
[WhiteClock "0:00:01"]
[BlackClock "0:01:47"]

1. g3 e5 2. Bg2 Nf6 3. c4 Bc5 4. Nc3 O-O 5. Nf3 d6 6. O-O c6 7. e3 Bb6 8. d4 e4 9. Ne1 d5 10. Qc2 Re8 11. f3 exf3 12. Nxf3 dxc4 13. Ne5 Be6 14. Kh1 Nbd7 15. Nf3 c5 16. Bd2 cxd4 17. exd4 Bc7 18. Rae1 h6 19. Be3 Nb6 20. Ne5 Nbd5 21. Bd2 Nb4 22. Qb1 Qxd4 0-1


[Site "https://www.chess.com"]

[Event "Titled Tuesday Blitz March 14 Late 2023"]
[White "JackRodgers"]
[Black "Allansdottir, Rakel Elaisa"]
[BlackFideId "2323974"]
[WhiteElo "2483"]
[BlackElo "2297"]
[Result "1-0"]
[Round "10"]
[TimeControl "180+2"]
[Date "2023.03.14"]
[WhiteClock "0:00:41"]
[BlackClock "0:00:12"]

1. d4 c5 2. d5 e5 3. e4 d6 4. Nf3 g6 5. h4 Bg7 6. h5 gxh5 7. Nc3 Bg4 8. Be2 Nf6 9. Bg5 Qc8 10. Nh4 Bxe2 11. Qxe2 Qg4 12. Bxf6 Bxf6 13. Nf5 Be7 14. f3 Qg6 15. Nb5 Na6 16. Rxh5 Rg8 17. g4 Bf8 18. O-O-O O-O-O 19. Nxa7+ Kb8 20. Nb5 Nc7 21. Nxc7 Kxc7 22. Rdh1 Qf6 23. Rxh7 Ra8 24. Kb1 Bg7 25. Qd2 Ra6 26. g5 Qg6 27. Ne7 1-0


[Site "https://www.chess.com"]

[Event "Titled Tuesday Blitz March 14 Late 2023"]
[White "Skaric, Djuro"]
[Black "Shapiro, Viktor"]
[WhiteFideId "934569"]
[BlackFideId "4175700"]
[WhiteElo "2282"]
[BlackElo "2152"]
[Result "0-1"]
[Round "10"]
[TimeControl "180+2"]
[Date "2023.03.14"]
[WhiteClock "0:00:37"]
[BlackClock "0:00:19"]

1. g3 Nf6 2. Bg2 c5 3. d3 Nc6 4. e4 g6 5. Nc3 Bg7 6. h3 d6 7. f4 O-O 8. g4 Rb8 9. a4 a6 10. Nge2 h5 11. g5 Nh7 12. Nd5 e6 13. Ne3 b5 14. axb5 axb5 15. O-O Bd7 16. Ng3 b4 17. Nxh5 gxh5 18. Qxh5 Nd4 19. Rf2 f5 20. gxf6 Nxf6 21. Qg6 Be8 22. Qg3 Nh5 23. Qh2 Nxf4 24. Ng4 e5 25. Bf1 Qg5 26. Kh1 Bh5 27. Qg3 b3 28. c3 Nc2 29. Ra7 Rf7 30. Rxf7 Bxf7 31. Bxf4 exf4 32. Qxf4 Qxf4 33. Rxf4 Be6 34. e5 dxe5 35. Ra4 e4 36. Rxe4 Bd5 37. Bg2 Bxe4 38. Bxe4 Bxc3 39. Nf2 Bxb2 40. Nd1 Bd4 41. Kg2 b2 0-1


[Site "https://www.chess.com"]

[Event "Titled Tuesday Blitz March 14 Late 2023"]
[White "Davidson, Kevin"]
[Black "Smith, Garrett L"]
[WhiteFideId "2056810"]
[BlackFideId "2024829"]
[WhiteElo "2151"]
[BlackElo "2283"]
[Result "1-0"]
[Round "10"]
[TimeControl "180+2"]
[Date "2023.03.14"]
[WhiteClock "0:00:07"]
[BlackClock "0:00:10"]

1. e4 c5 2. Nf3 Nc6 3. d4 cxd4 4. Nxd4 e5 5. Nb5 d6 6. Bc4 Be7 7. O-O Nf6 8. Bg5 O-O 9. Bxf6 gxf6 10. N5c3 Be6 11. Nd5 Rc8 12. Nbc3 Na5 13. Bb3 Kh8 14. Qh5 Rg8 15. Rad1 Nxb3 16. axb3 Bg4 17. Qxf7 Rg7 18. Qxg7+ Kxg7 19. Rd3 Be6 20. Rfd1 Rc6 21. Rg3+ Kf7 22. Rdd3 a6 23. h4 b5 24. h5 h6 25. Rg6 Qh8 26. Rf3 Rc8 27. Rfg3 Bf8 28. Rf3 Be7 29. Rfg3 Ke8 30. Rg7 Bf8 31. Nc7+ Rxc7 32. Rxc7 Kd8 33. Ra7 Bc8 34. Nd5 f5 35. f3 fxe4 36. fxe4 Bd7 37. Rg6 Qh7 38. Nf6 Qf7 39. Rxd7+ Qxd7 40. Nxd7 Kxd7 41. Kf2 Ke7 42. c4 Kf7 43. Kf3 Be7 44. Kg4 Bg5 45. Kf5 Bc1 46. Rxd6 Bxb2 47. Rxa6 1-0


[Site "https://www.chess.com"]

[Event "Titled Tuesday Blitz March 14 Late 2023"]
[White "Chan, Kim Yew"]
[Black "Khatena, Moshe"]
[WhiteFideId "5717981"]
[BlackFideId "2010461"]
[WhiteElo "2206"]
[BlackElo "2224"]
[Result "1-0"]
[Round "10"]
[TimeControl "180+2"]
[Date "2023.03.14"]
[WhiteClock "0:00:27"]
[BlackClock "0:00:03"]

1. c4 b5 2. cxb5 Bb7 3. Nf3 g6 4. d4 Bg7 5. Nc3 Nf6 6. Bg5 O-O 7. e3 Ne4 8. Nxe4 Bxe4 9. Bd3 Bb7 10. O-O d6 11. a4 Nd7 12. b4 h6 13. Bh4 Qe8 14. a5 Rc8 15. Nd2 e5 16. dxe5 Nxe5 17. Be2 g5 18. Bg3 f5 19. Bxe5 Bxe5 20. Rc1 f4 21. Bf3 Bxf3 22. Qxf3 fxe3 23. Qxe3 Bf4 24. Qxe8 Rfxe8 25. Rcd1 Re2 26. Nf3 Rce8 27. g3 Be5 28. Rc1 Re7 29. Rfe1 Rxe1+ 30. Rxe1 Kf7 31. Kg2 Bc3 32. Rb1 Re4 33. Rc1 Rc4 34. Nd2 Rxb4 35. Rxc3 Rxb5 36. Rxc7+ Ke6 37. Rxa7 Rb2 38. Nf3 d5 39. Ra6+ Kf5 40. Rxh6 Ke4 41. Nxg5+ Kd3 42. Nf3 Ra2 43. a6 Kc3 44. Rc6+ Kb4 45. h4 Kb5 46. Rd6 Kc4 47. h5 1-0


[Site "https://www.chess.com"]

[Event "Titled Tuesday Blitz March 14 Late 2023"]
[White "Melikhov, Evgeny V."]
[Black "Salgado Lopez, Ivan"]
[WhiteFideId "4122046"]
[BlackFideId "2257327"]
[WhiteElo "2158"]
[BlackElo "2571"]
[Result "1-0"]
[Round "10"]
[TimeControl "180+2"]
[Date "2023.03.14"]
[WhiteClock "0:01:17"]
[BlackClock "0:00:17"]

1. d4 d5 2. c4 c6 3. Nc3 Nf6 4. e3 a6 5. c5 g6 6. f4 Bg7 7. Nf3 Bg4 8. Be2 O-O 9. h3 Bxf3 10. Bxf3 Nbd7 11. O-O Ne8 12. Bd2 f6 13. Nxd5 cxd5 14. Bxd5+ e6 15. Bxb7 Ra7 16. c6 Nb8 17. Qb3 Nc7 18. Qb6 Rxb7 19. cxb7 Nd5 20. Qxd8 Rxd8 21. Rfc1 Ne7 22. Rc7 Bf8 23. Rac1 Kf7 24. Rc8 1-0


[Site "https://www.chess.com"]

[Event "Titled Tuesday Blitz March 14 Late 2023"]
[White "Kornyukov, Alexey"]
[Black "Zampronha, Wladimir Camilo"]
[WhiteFideId "4150457"]
[BlackFideId "2103087"]
[WhiteElo "2352"]
[BlackElo "2176"]
[Result "0-1"]
[Round "10"]
[TimeControl "180+2"]
[Date "2023.03.14"]
[WhiteClock "0:00:01"]
[BlackClock "0:00:13"]

1. d4 Nf6 2. c4 e6 3. Nc3 Bb4 4. f3 c5 5. d5 exd5 6. cxd5 O-O 7. e4 d6 8. Ne2 Nbd7 9. Ng3 Re8 10. Be2 Ne5 11. O-O c4 12. Be3 Qa5 13. Kh1 Bd7 14. f4 Neg4 15. Bd4 Bc5 16. h3 Ne3 17. Bxe3 Bxe3 18. Bxc4 Rac8 19. Qd3 Qc5 20. Bb3 Bf2 21. e5 Bxg3 22. Qxg3 Nh5 23. Qg5 g6 24. Rae1 Bf5 25. Qh4 Ng7 26. g4 Bd3 27. Rg1 dxe5 28. fxe5 b5 29. Qg3 b4 30. Na4 Qb5 31. d6 Rcd8 32. Re3 Bc4 33. Rge1 Bxb3 34. axb3 Qd5+ 35. Kh2 Ne6 36. Qf2 Ng5 37. Rc1 Rxe5 38. Rc7 Rxe3 39. Qxe3 Nf3+ 40. Kg3 Ne5 0-1


[Site "https://www.chess.com"]

[Event "Titled Tuesday Blitz March 14 Late 2023"]
[White "Todev, Simeon"]
[Black "Sabar, Ethmane Daouda"]
[WhiteFideId "2925133"]
[BlackFideId "19600097"]
[WhiteElo "1938"]
[BlackElo "1950"]
[Result "1/2-1/2"]
[Round "10"]
[TimeControl "180+2"]
[Date "2023.03.14"]
[WhiteClock "0:00:08"]
[BlackClock "0:00:07"]

1. e4 c5 2. Nf3 Nc6 3. c3 Nf6 4. Bd3 e5 5. Bc2 d6 6. d4 cxd4 7. cxd4 Bg4 8. dxe5 dxe5 9. O-O Qxd1 10. Rxd1 Bxf3 11. gxf3 Bb4 12. Be3 O-O 13. a3 Be7 14. Nc3 Rfd8 15. Bb3 Nd4 16. Bxd4 exd4 17. Nd5 Kf8 18. Rxd4 Nxd5 19. Bxd5 Bf6 20. Rb4 Rab8 21. Rc1 Rd7 22. f4 b5 23. Rc5 a6 24. Rc6 a5 25. Rb3 a4 26. Rh3 Bxb2 27. Rxh7 Rbd8 28. Rb6 Bxa3 29. Rxb5 Bd6 30. Ra5 Bxf4 31. Rxa4 f5 32. exf5 Bxh2+ 33. Kxh2 Rxd5 34. Ra7 R8d7 35. Ra8+ Kf7 36. Rh5 Kf6 37. Rf8+ Rf7 38. Rxf7+ Kxf7 39. Kg3 Kf6 40. Kf4 Rd4+ 41. Ke3 Rd5 42. Ke4 Ra5 43. f4 Ra4+ 44. Kf3 Ra1 45. Rg5 Rf1+ 46. Ke3 Re1+ 47. Kd4 Rf1 48. Ke4 Re1+ 49. Kd3 Rf1 50. Ke3 Re1+ 51. Kf2 Re8 52. Rh5 Re4 53. Kf3 Re1 54. Kg4 Rg1+ 55. Kf3 Rf1+ 56. Ke3 Re1+ 57. Kf2 Re8 58. Rg5 Re4 59. Kg3 Re1 60. Rg4 Rg1+ 61. Kh4 Rf1 62. Rg6+ Kxf5 63. Rxg7 Rxf4+ 64. Kh5 Ke4 65. Re7+ Kf3 66. Kg5 Rg4+ 67. Kf5 Rf4+ 68. Kg5 Rg4+ 69. Kh5 Rf4 70. Ra7 Re4 71. Ra3+ Kf4 72. Ra5 Re5+ 73. Rxe5 Kxe5 1/2-1/2


[Site "https://www.chess.com"]

[Event "Titled Tuesday Blitz March 14 Late 2023"]
[White "Delgado Rosas, Fatima Alexandra"]
[Black "Lorenzo De La Riva, Lazaro"]
[WhiteFideId "6603963"]
[BlackFideId "2268809"]
[WhiteElo "2325"]
[BlackElo "2294"]
[Result "1-0"]
[Round "10"]
[TimeControl "180+2"]
[Date "2023.03.14"]
[WhiteClock "0:00:37"]
[BlackClock "0:01:31"]

1. d4 a6 2. Nf3 Nf6 3. e3 h6 4. Bd3 d5 5. b3 c5 6. Bb2 cxd4 7. exd4 Bg4 8. Nbd2 Nc6 9. O-O e6 10. h3 Bxf3 11. Nxf3 Be7 12. Qe2 Rc8 13. a3 O-O 14. Ne5 Nxe5 15. dxe5 Nd7 16. f4 Nc5 17. Kh1 Nxd3 18. cxd3 Qb6 19. b4 a5 20. bxa5 Qb3 21. Rac1 Bxa3 22. Bxa3 Qxa3 23. Ra1 Qc3 24. Rfc1 Qxc1+ 25. Rxc1 Rxc1+ 26. Kh2 g6 27. Qb2 Rc7 28. h4 h5 29. Kh3 Rfc8 30. g4 hxg4+ 31. Kxg4 Rc5 32. Kg5 Kg7 33. Qxb7 R5c7 34. Qb4 Rh8 35. Qd6 Rh5+ 36. Kg4 Rc1 37. Qb6 Rg1+ 38. Qxg1 1-0


[Site "https://www.chess.com"]

[Event "Titled Tuesday Blitz March 14 Late 2023"]
[White "Barash, Anton"]
[Black "Jimenez, Joaquin"]
[WhiteFideId "30935229"]
[BlackFideId "109860"]
[WhiteElo "2324"]
[BlackElo "2163"]
[Result "1-0"]
[Round "10"]
[TimeControl "180+2"]
[Date "2023.03.14"]
[WhiteClock "0:01:10"]
[BlackClock "0:02:10"]

1. e4 e6 2. d4 d5 3. Nc3 Bb4 4. e5 c5 5. a3 Bxc3+ 6. bxc3 Ne7 7. Qg4 Nf5 8. Bd3 h5 9. Qg5 Qxg5 10. Bxg5 cxd4 11. Bxf5 exf5 12. cxd4 Nc6 13. Ne2 Be6 14. O-O Kd7 15. Rab1 b6 16. c4 dxc4 17. d5 Bxd5 18. Rfd1 Kc7 19. Rxd5 Rhe8 20. Bf4 Re6 21. Nd4 Nxd4 22. Rxd4 Rc6 23. e6+ Kb7 24. Rd7+ Ka6 25. e7 Re6 26. Rd8 Rxe7 27. Rxa8 c3 28. Rc8 1-0


[Site "https://www.chess.com"]

[Event "Titled Tuesday Blitz March 14 Late 2023"]
[White "Friedel, Tom"]
[Black "Vargas Pereda, Jesus Manue"]
[WhiteFideId "2002108"]
[BlackFideId "5115710"]
[WhiteElo "2269"]
[BlackElo "1914"]
[Result "1-0"]
[Round "10"]
[TimeControl "180+2"]
[Date "2023.03.14"]
[WhiteClock "0:00:38"]
[BlackClock "0:00:27"]

1. e4 c6 2. d4 d5 3. Nc3 dxe4 4. Nxe4 Bf5 5. Nc5 e5 6. Nxb7 Qxd4 7. Qxd4 exd4 8. Bd3 Bxd3 9. cxd3 Nf6 10. Nf3 Be7 11. Bf4 O-O 12. O-O Nbd7 13. Nxd4 Nd5 14. Bg3 Bf6 15. Nxc6 Bxb2 16. Rab1 Bf6 17. d4 Nc3 18. Rb2 Nb6 19. Ne5 Nba4 20. Rc2 Nd5 21. Nc5 Nxc5 22. Rxc5 Rfd8 23. Rb1 Rab8 24. Rxb8 Rxb8 25. h3 Ne7 26. Rc7 Nf5 27. Rxa7 Nxd4 28. Nd7 Re8 29. Nxf6+ gxf6 30. Kh2 Re2 31. Bf4 Ne6 32. Bh6 1-0


[Site "https://www.chess.com"]

[Event "Titled Tuesday Blitz March 14 Late 2023"]
[White "Cramling Bellon, Anna"]
[Black "Ardila, Oscar Humberto"]
[WhiteFideId "32009232"]
[BlackFideId "4404742"]
[WhiteElo "1972"]
[BlackElo "1911"]
[Result "0-1"]
[Round "10"]
[TimeControl "180+2"]
[Date "2023.03.14"]
[WhiteClock "0:00:01"]
[BlackClock "0:01:26"]

1. d4 h6 2. c4 a6 3. e4 d6 4. h3 Nd7 5. Nf3 e5 6. Nc3 Ngf6 7. Be3 Be7 8. Be2 O-O 9. O-O Re8 10. Qc2 Bf8 11. Rad1 c6 12. dxe5 dxe5 13. Nh4 g6 14. Qd2 Kh7 15. f4 Nxe4 16. Nxe4 Qxh4 17. g3 Qxh3 18. fxe5 Nxe5 19. Nf6+ Kh8 20. Bf4 Bc5+ 21. Be3 Qxg3+ 22. Kh1 Qh3+ 23. Kg1 Bxe3+ 24. Rf2 Qg3+ 25. Kh1 Bxd2 26. Rg2 Qh4+ 27. Rh2 Qxf6 28. Rxd2 Kg7 29. Rd1 Bg4 30. Rf1 Qxf1+ 0-1


[Site "https://www.chess.com"]

[Event "Titled Tuesday Blitz March 14 Late 2023"]
[White "Curtis, John"]
[Black "babbilator"]
[WhiteFideId "3200256"]
[WhiteElo "2203"]
[BlackElo "2220"]
[Result "0-1"]
[Round "10"]
[TimeControl "180+2"]
[Date "2023.03.14"]
[WhiteClock "0:00:05"]
[BlackClock "0:00:09"]

1. e4 c5 2. Nf3 e6 3. d4 cxd4 4. Nxd4 Nc6 5. Nc3 Qc7 6. Nxc6 bxc6 7. Bd3 Nf6 8. f4 d5 9. e5 Nd7 10. O-O Nc5 11. Be2 Be7 12. Be3 O-O 13. Kh1 Rd8 14. Bxc5 Bxc5 15. Bd3 g6 16. Rb1 Bf8 17. Qe1 c5 18. Nd1 a5 19. Nf2 c4 20. Be2 Bg7 21. c3 Rb8 22. Ng4 Qe7 23. Qf2 h5 24. Ne3 Bd7 25. Nc2 Rb7 26. Nd4 Rdb8 27. b3 Qc5 28. Rbc1 cxb3 29. axb3 a4 30. b4 Qb6 31. Bd3 Rc8 32. Qd2 Rbc7 33. Rc2 Bf8 34. Ra1 Bxb4 35. Rb1 Qxd4 36. Rxb4 Qc5 37. h3 h4 38. f5 exf5 39. Rxh4 Qf8 0-1


[Site "https://www.chess.com"]

[Event "Titled Tuesday Blitz March 14 Late 2023"]
[White "Bogaudinov, Rushan"]
[Black "Eliteplayer3"]
[WhiteFideId "4129288"]
[WhiteElo "1949"]
[BlackElo "2140"]
[Result "1-0"]
[Round "10"]
[TimeControl "180+2"]
[Date "2023.03.14"]
[WhiteClock "0:00:16"]
[BlackClock "0:00:11"]

1. a3 a6 2. b4 b6 3. Bb2 Bb7 4. d4 d6 5. c4 Nd7 6. d5 e6 7. e4 exd5 8. exd5 Ngf6 9. Nf3 Be7 10. Bd3 O-O 11. O-O h6 12. Nc3 Ng4 13. Ne4 Nge5 14. Be2 Nxf3+ 15. Bxf3 Ne5 16. Be2 f5 17. Ng3 Qe8 18. Qc2 Qg6 19. Bh5 Qg5 20. f4 Qh4 21. fxe5 f4 22. Qg6 fxg3 23. hxg3 Qg5 24. e6 Qxg6 25. Bxg6 b5 26. Bf7+ Kh7 27. Rfd1 bxc4 28. Rac1 c6 29. Rxc4 cxd5 30. Rc7 Bg5 31. Rxb7 Rac8 32. Bd4 Rc2 33. e7 Rxf7 34. e8=Q Rxb7 35. Qe6 Rbc7 36. Qxd5 Re2 37. Qf5+ Kh8 38. Rf1 Rd2 39. Bb6 Rcc2 40. Rf2 Rd1+ 41. Kh2 Rcc1 42. g4 Bh4 43. g3 Rh1+ 44. Kg2 Rhg1+ 45. Kf3 Rxg3+ 46. Ke2 Rxa3 47. Bd4 Ra2+ 48. Kd3 Rd1+ 49. Kc4 Rc2+ 50. Kb3 Rxf2 51. Bxf2 Bf6 52. Qc8+ Kh7 53. Qc2+ 1-0


[Site "https://www.chess.com"]

[Event "Titled Tuesday Blitz March 14 Late 2023"]
[White "Elissalt Cardenas, Hector"]
[Black "Lopez Perdomo, Juan David"]
[WhiteFideId "3500632"]
[BlackFideId "4405137"]
[WhiteElo "2202"]
[BlackElo "1965"]
[Result "1-0"]
[Round "10"]
[TimeControl "180+2"]
[Date "2023.03.14"]
[WhiteClock "0:02:07"]
[BlackClock "0:02:43"]

1. d4 c5 2. Nf3 e6 3. e4 cxd4 4. Nxd4 d6 5. Bd3 Nf6 6. Nc3 Be7 7. O-O O-O 8. Be3 Nc6 9. Nb3 Bd7 10. f4 Rc8 11. Qf3 Na5 12. e5 dxe5 13. fxe5 Bc6 14. Qh3 Nd5 15. Qxh7# 1-0


[Site "https://www.chess.com"]

[Event "Titled Tuesday Blitz March 14 Late 2023"]
[White "Mendez Machado, Andre"]
[Black "Abrosimov, Vladimir"]
[WhiteFideId "6603793"]
[BlackFideId "4166892"]
[WhiteElo "1984"]
[BlackElo "2336"]
[Result "0-1"]
[Round "10"]
[TimeControl "180+2"]
[Date "2023.03.14"]
[WhiteClock "0:00:08"]
[BlackClock "0:01:15"]

1. e4 c5 2. Nc3 d6 3. d3 Nf6 4. g3 e6 5. Bg2 Be7 6. Nge2 O-O 7. O-O Nc6 8. f4 Ne8 9. h3 f5 10. g4 g6 11. exf5 gxf5 12. gxf5 exf5 13. Ng3 Nf6 14. Nh5 Be6 15. Re1 Bf7 16. Nxf6+ Bxf6 17. Be3 Nd4 18. Kh2 Rb8 19. Bd5 Kh8 20. Rg1 Qe7 21. Bf2 b5 22. Re1 Qd7 23. Bxf7 Qxf7 24. Re3 Rbe8 25. Qd2 b4 26. Ne2 Rxe3 27. Qxe3 Nxc2 28. Qc1 Nxa1 29. Qxa1 Rg8 30. Ng3 Bh4 31. Qe1 Bxg3+ 32. Bxg3 Qxa2 33. Qe7 Qxb2+ 34. Kh1 Rxg3 35. Qf8+ Rg8 36. Qxf5 Qg2# 0-1


[Site "https://www.chess.com"]

[Event "Titled Tuesday Blitz March 14 Late 2023"]
[White "Jenkins, Drake"]
[Black "Torres Dominguez, David"]
[WhiteFideId "2022397"]
[BlackFideId "2220857"]
[WhiteElo "2243"]
[BlackElo "1999"]
[Result "0-1"]
[Round "10"]
[TimeControl "180+2"]
[Date "2023.03.14"]
[WhiteClock "0:00:01"]
[BlackClock "0:00:04"]

1. Nf3 d5 2. c4 dxc4 3. e3 e6 4. Bxc4 a6 5. d4 b5 6. Bd3 Bb7 7. O-O Nf6 8. Re1 Be7 9. e4 c5 10. e5 Nd5 11. dxc5 Bxc5 12. Nbd2 Nd7 13. Ne4 Be7 14. Qe2 O-O 15. Bg5 h6 16. Bxe7 Qxe7 17. Bc2 Nb4 18. Bb3 Bxe4 19. Qxe4 a5 20. Bd1 Nc5 21. Qe2 Nbd3 22. Rf1 Rfd8 23. b3 Rd5 24. Bc2 Rad8 25. a3 Qd7 26. g3 Qc7 27. Rac1 Nxc1 28. Rxc1 b4 29. axb4 axb4 30. h4 Qb6 31. Qe3 Rb8 32. Kh2 Nd7 33. Qe4 Nc5 34. Qh7+ Kf8 35. Qh8+ Ke7 36. Qxg7 Nd7 37. Bg6 Rf8 38. Bh5 Qxf2+ 39. Kh3 Rd3 40. Qxh6 Rxf3 41. Qg5+ f6 42. Qg7+ Kd8 43. Bxf3 Qxf3 44. exf6 Rxf6 45. Qg8+ Rf8 46. Qxe6 Qf5+ 47. Qxf5 Rxf5 48. Rc4 Re5 0-1


[Site "https://www.chess.com"]

[Event "Titled Tuesday Blitz March 14 Late 2023"]
[White "Clawitter, Craig"]
[Black "Comas Fabrego, Lluis"]
[WhiteFideId "2023105"]
[BlackFideId "2200325"]
[WhiteElo "2238"]
[BlackElo "2523"]
[Result "1/2-1/2"]
[Round "10"]
[TimeControl "180+2"]
[Date "2023.03.14"]
[WhiteClock "0:00:02"]
[BlackClock "0:00:10"]

1. e4 c5 2. Nf3 d6 3. d4 cxd4 4. Nxd4 Nf6 5. Nc3 g6 6. Be3 Bg7 7. f3 O-O 8. Qd2 Nc6 9. Bc4 Bd7 10. O-O-O Ne5 11. Bb3 Qa5 12. Kb1 Rfc8 13. h4 Rc5 14. g4 Rac8 15. h5 Rxc3 16. bxc3 Nxf3 17. Nxf3 Nxe4 18. Qh2 Nxc3+ 19. Kc1 Nxa2+ 20. Bxa2 Qxa2 21. Bd4 Ba4 22. c3 Qa1+ 23. Kd2 Bh6+ 24. g5 Bxd1 25. Rxd1 Bxg5+ 26. Ke1 Qa5 27. hxg6 fxg6 28. Qh3 Rf8 29. Qe6+ Rf7 30. Qc8+ Rf8 31. Qe6+ Rf7 32. Qc8+ Rf8 33. Qe6+ 1/2-1/2


[Site "https://www.chess.com"]

[Event "Titled Tuesday Blitz March 14 Late 2023"]
[White "Floresvillar Gonzalez, Luis Migu"]
[Black "Burke, Paul"]
[WhiteFideId "5100542"]
[BlackFideId "2605767"]
[WhiteElo "2040"]
[BlackElo "1864"]
[Result "1-0"]
[Round "10"]
[TimeControl "180+2"]
[Date "2023.03.14"]
[WhiteClock "0:02:00"]
[BlackClock "0:01:14"]

1. e4 e5 2. Bc4 Nc6 3. Nf3 Be7 4. d4 exd4 5. c3 d6 6. cxd4 Nf6 7. Nc3 Bg4 8. Be3 O-O 9. h3 Bxf3 10. gxf3 Kh8 11. Rg1 Nh5 12. f4 f5 13. Qxh5 1-0


[Site "https://www.chess.com"]

[Event "Titled Tuesday Blitz March 14 Late 2023"]
[White "Desideri, Ricardo Maruchi"]
[Black "Gamage, Wanshini Vidusama"]
[WhiteFideId "2110440"]
[BlackFideId "9953752"]
[WhiteElo "1945"]
[BlackElo "2250"]
[Result "0-1"]
[Round "10"]
[TimeControl "180+2"]
[Date "2023.03.14"]
[WhiteClock "0:00:19"]
[BlackClock "0:01:27"]

1. e4 c5 2. Nf3 d6 3. d4 cxd4 4. Nxd4 Nf6 5. Nc3 a6 6. Rg1 e5 7. Nb3 h5 8. h3 Be6 9. g4 hxg4 10. hxg4 d5 11. g5 Nxe4 12. Nxe4 dxe4 13. Qxd8+ Kxd8 14. Be3 Kc7 15. O-O-O Nc6 16. Bg2 Bf5 17. Nd2 Rd8 18. Nxe4 Rxd1+ 19. Rxd1 Rh2 20. Bf3 Rh3 21. Bg2 Rh2 22. Bf3 Be7 23. Ng3 Be6 24. Be4 g6 25. a3 b6 26. b4 Nd4 27. Bxd4 exd4 28. Rxd4 Bxg5+ 29. Kd1 Rxf2 30. Bd3 Bf6 31. Re4 b5 32. Ne2 Bf5 33. Re8 Bxd3 34. cxd3 g5 35. Rf8 Bb2 36. d4 Bxa3 0-1


[Site "https://www.chess.com"]

[Event "Titled Tuesday Blitz March 14 Late 2023"]
[White "Antonio, Jorge Carlos"]
[Black "Tarnowska, Aleksandra"]
[WhiteFideId "113190"]
[BlackFideId "1180967"]
[WhiteElo "2247"]
[BlackElo "1776"]
[Result "0-1"]
[Round "10"]
[TimeControl "180+2"]
[Date "2023.03.14"]
[WhiteClock "0:00:30"]
[BlackClock "0:00:24"]

1. d4 d5 2. Nf3 Nf6 3. Bf4 Bf5 4. e3 c6 5. c4 e6 6. Nc3 Bd6 7. Ne5 Ne4 8. Bd3 Nxc3 9. bxc3 Bxd3 10. Qxd3 Bxe5 11. Bxe5 Qg5 12. O-O O-O 13. Bf4 Qg6 14. Qxg6 hxg6 15. cxd5 cxd5 16. Rab1 b6 17. Rfc1 Rc8 18. Kf1 Nd7 19. Ke2 Rc4 20. Rb4 Rac8 21. Rxc4 Rxc4 22. Kd3 f6 23. Bd6 e5 24. Rb1 Kf7 25. Rb4 Rc6 26. dxe5 fxe5 27. Ra4 Rxd6 28. Rxa7 Kf6 29. f3 Nc5+ 30. Kc2 e4 31. f4 Rc6 32. g4 Ne6 33. h4 d4 34. g5+ Kf5 35. exd4 Nxd4+ 36. Kb2 Ne2 37. Rxg7 Kxf4 38. Rf7+ Kg3 39. Re7 Kf3 40. Rf7+ Nf4 41. Rf6 Rxf6 42. gxf6 e3 43. f7 Ne6 44. Kc2 e2 45. Kd3 Kf2 46. Kc4 e1=Q 47. Kb5 Qxc3 48. Kxb6 Qg7 49. a4 Qxf7 50. a5 Qc7+ 51. Kb5 Nd4+ 52. Kb4 Nc6+ 53. Kb5 Qxa5+ 54. Kxc6 Qh5 55. Kd6 Qxh4 56. Ke6 g5 57. Kf6 g4+ 58. Kf5 g3 0-1


[Site "https://www.chess.com"]

[Event "Titled Tuesday Blitz March 14 Late 2023"]
[White "Sarkar, Justin"]
[Black "lisjakzlatko1"]
[WhiteFideId "2010011"]
[WhiteElo "2189"]
[BlackElo "2144"]
[Result "1-0"]
[Round "10"]
[TimeControl "180+2"]
[Date "2023.03.14"]
[WhiteClock "0:00:38"]
[BlackClock "0:00:16"]

1. e4 d6 2. d4 Nf6 3. Nd2 c6 4. Ngf3 Bg4 5. h3 Bh5 6. Bd3 Nbd7 7. O-O e5 8. c3 Be7 9. Re1 O-O 10. Nf1 Re8 11. Ng3 Bg6 12. Nh4 Bf8 13. Nhf5 h6 14. f4 exf4 15. Bxf4 d5 16. e5 Nh7 17. h4 Be7 18. Nxe7+ Qxe7 19. Bxg6 fxg6 20. Qg4 Nhf8 21. Rf1 Ne6 22. Qxg6 Qxh4 23. Nf5 Nxf4 24. Qxg7# 1-0


[Site "https://www.chess.com"]

[Event "Titled Tuesday Blitz March 14 Late 2023"]
[White "Hartikainen, Jarmo"]
[Black "Souza, Gustavo Horokoski De"]
[WhiteFideId "503134"]
[BlackFideId "2146584"]
[WhiteElo "2164"]
[BlackElo "1859"]
[Result "1-0"]
[Round "10"]
[TimeControl "180+2"]
[Date "2023.03.14"]
[WhiteClock "0:00:05"]
[BlackClock "0:00:06"]

1. e4 e6 2. d4 d5 3. Nc3 Nf6 4. Bg5 Be7 5. e5 Nfd7 6. h4 h6 7. Bxe7 Qxe7 8. Qg4 O-O 9. Rh3 f5 10. Qg6 a6 11. Rg3 Kh8 12. Nf3 Qf7 13. Ne2 c5 14. c3 Nc6 15. O-O-O Qxg6 16. Rxg6 cxd4 17. cxd4 Nb6 18. Nf4 Nd8 19. Bd3 Bd7 20. h5 Be8 21. Rg3 Rc8+ 22. Kb1 Bf7 23. Nh4 Re8 24. Nhg6+ Bxg6 25. Nxg6+ Kg8 26. b3 Kf7 27. Be2 Nd7 28. Rc1 Rxc1+ 29. Kxc1 Nf8 30. Nxf8 Kxf8 31. Rc3 Re7 32. Rc8 Rd7 33. g4 fxg4 34. Bxg4 Ke7 35. Kd2 Nc6 36. Ke3 Nb4 37. a3 Nc6 38. Rg8 Kf7 39. Rc8 Na5 40. b4 Nc4+ 41. Kd3 Nxa3 42. f4 Nb5 43. f5 exf5 44. Bxf5 Rc7 45. Bg6+ Ke7 46. Re8+ Kd7 47. Rg8 Kc6 48. e6 Kd6 49. Bf7 Rc3+ 50. Kd2 Rg3 51. Rd8+ Ke7 52. Rd7+ Kf8 53. Rd8+ Ke7 54. Rd7+ Kf6 55. Rxb7 Rg2+ 56. Kd3 Rg3+ 57. Kd2 Rg2+ 58. Ke3 Rg3+ 59. Kf4 Rd3 60. Bg8 Rxd4+ 61. Kf3 Rd3+ 62. Ke2 Rd4 63. Rb6 Ke7 64. Rxa6 Re4+ 65. Kf2 Nd6 66. Ra7+ Kf6 67. Bf7 Kg5 68. b5 Nxf7 69. exf7 Rf4+ 70. Ke3 d4+ 71. Kd3 Rf5 72. b6 Kxh5 73. b7 Rf3+ 74. Kxd4 Rxf7 75. b8=Q Rd7+ 76. Rxd7 1-0


[Site "https://www.chess.com"]

[Event "Titled Tuesday Blitz March 14 Late 2023"]
[White "Erigaisi Arjun"]
[Black "Svane, Rasmus"]
[WhiteFideId "35009192"]
[BlackFideId "4657101"]
[WhiteElo "2737"]
[BlackElo "2597"]
[Result "1/2-1/2"]
[Round "11"]
[TimeControl "180+2"]
[Date "2023.03.14"]
[WhiteClock "0:00:12"]
[BlackClock "0:00:02"]

1. c4 Nf6 2. Nc3 e5 3. Nf3 Nc6 4. e3 Bb4 5. Nd5 a5 6. a3 Bd6 7. Nxf6+ Qxf6 8. d4 exd4 9. exd4 O-O 10. Be2 Bf4 11. O-O d6 12. h3 Re8 13. Re1 Bxc1 14. Rxc1 Bf5 15. d5 Ne5 16. Nd4 Bd7 17. Bf1 Re7 18. Rc3 Rae8 19. Rce3 h6 20. Qd2 b6 21. b4 axb4 22. axb4 Ng6 23. Nc6 Rxe3 24. Rxe3 Rxe3 25. Qxe3 Bxc6 26. dxc6 Qe5 27. Qxe5 Nxe5 28. b5 g5 29. g3 f5 30. f4 gxf4 31. gxf4 Ng6 32. Bd3 Nxf4 33. Bxf5 Kf7 34. Kf2 Kf6 35. Bd7 Nd3+ 36. Ke3 Ne5 37. Kd4 Nxd7 38. cxd7 Ke7 39. h4 Kxd7 40. Kd5 h5 41. Ke4 Ke6 42. Kf4 Kf6 43. Ke4 Ke6 44. Kf4 Kf6 45. Ke4 Ke6 1/2-1/2


[Site "https://www.chess.com"]